Map: Korhal Carnage Knockout LE

Players

Mindele

  • Race: Terran Terran
  • League: Silver

A.I. 7 (Very Easy) - Winner!

  • Race: Zerg Zerg

VOD

Have the link to the VOD?

Description

Time

  • Played on: May 24, 2016, 7:18 p.m.
  • Length: 4:54
Show
View Real Time Build Order
Export as new Build Order

Mindele Terran 

Build Orders:  

Get SALT Encoding   

  12  0:01  SCV  
  13  0:13  SCV  
  14  0:17  Supply Depot  
  14  0:25  SCV  
  15  0:39  SCV  
  15  0:40  Barracks  
  16  0:51  SCV  
  16  0:55  Barracks  
  17  1:03  SCV  
  18  1:11  Barracks  
  18  1:15  SCV  
  19  1:27  SCV  
  19  1:28  Marine  
  21  1:35  Supply Depot  
  21  1:41  Orbital Command  
  21  1:46  Marine  
  22  1:50  Marine  
  23  1:58  Marine  
  23  2:05  Barracks  
  23  2:06  Marine  
  24  2:12  Marine  
  25  2:21  Marine  
  25  2:22  Supply Depot  
  26  2:25  Marine  
  27  2:31  Marine  
  28  2:38  Barracks  
  28  2:40  Marine  
  29  2:45  Marine  
  29  2:48  Supply Depot  
  29  2:51  Marine  
  31  2:56  Marine  
  32  2:58  Barracks  
  32  3:01  Marine  
  32  3:05  Marine  
  34  3:11  Marine, Supply Depot  
  35  3:15  Marine  
  36  3:21  Marine  
  36  3:26  Marine  
  38  3:28  Marine  
  38  3:30  Marine  
  38  3:33  Supply Depot  
  38  3:34  Marine  
  40  3:40  Marine  
  42  3:45  Marine  
  42  3:47  Marine  
  42  3:48  Marine  
  45  3:50  Marine  
  45  3:54  Marine  
  47  3:56  Supply Depot  
  47  3:59  Marine  
  47  4:04  Marine  
  47  4:07  Marine  
  47  4:08  Marine  
  50  4:13  Marine  
  50  4:15  Marine  
  52  4:18  Marine  
  52  4:19  Supply Depot  
  52  4:24  Marine  
  53  4:26  Marine  
  53  4:28  Marine  
  56  4:33  Marine  
  58  4:42  Supply Depot  
Show
View Real Time Build Order
Export as new Build Order

A.I. 7 (Very Easy) Zerg - Winner!

Build Orders:  

Get SALT Encoding   

Tags
 
Add a new tag
Caveats
  • Supply blocks, unpowered buildings, or Contaminate may cause inaccurate times.
  • Supply counts are checked every 10 seconds.